 Dungeon Crawl Stone Soup version 0.31.0-11-ge490571c62 (webtiles) character file.

Game seed: 3980087144567878190

21631 SmokeWeed the Spear-Bearer (level 12, -5/96 HPs)
             Began as a Merfolk Gladiator on Feb 9, 2024.
             Was an Elder of Qazlal.
             Slain by an enormous slime creature (41 damage)
             ... on level 14 of the Dungeon.
             The game lasted 00:50:42 (12746 turns).

SmokeWeed the Spear-Bearer (Merfolk Gladiator)     Turns: 12746, Time: 00:50:43

Health: -5/96      AC: 19    Str: 17    XL:     12   Next: 92%
Magic:  15/15      EV: 16    Int: 10    God:    Qazlal [****..]
Gold:   792        SH: 16    Dex: 15    Spells: 8/11 levels left

rFire   + . .        a - +0 trident (venom)
rCold   . . .        V - +1 kite shield {reflect}
rNeg    + + .        M - +0 plate armour
rPois   .            c - +0 helmet
rElec   +            F - +1 cloak of Inaobusu {Rampage +Inv rF+ rN++}
rCorr   +            r - +1 pair of gloves
SInv    .            (no boots)
Will    .....        A - amulet of Poysupn {Acrobat rElec Regen+ rCorr} Stlth
                     K - +5 ring of evasion
HPRegen 1.16/turn    d - +5 ring of evasion
MPRegen 0.14/turn

%: repel missiles, reflection, acrobat, rampage
@: about to teleport
A: (nimble swimmer 2), mertail
a: Renounce Religion, Evoke Invisibility, Upheaval, Elemental Force


You were on level 14 of the Dungeon.
You worshipped Qazlal.
Qazlal was greatly pleased with you.
You visited 2 branches of the dungeon, and saw 15 of its levels.

You collected 1035 gold pieces.
You spent 243 gold pieces at shops.

Inventory:

Hand Weapons
 a - a +0 trident of venom (weapon)
 b - a +0 club
 e - a +0 orcbow
 v - a +2 dagger of electrocution
 w - a +2 heavy hand axe
 B - a +1 vampiric halberd
 H - a +2 heavy falchion
 L - a +3 mace
Missiles
 i - 51 stones
 j - 29 poisoned darts (quivered)
 O - 8 javelins
Armour
 c - a +0 helmet (worn)
 r - a +1 pair of gloves (worn)
 u - a +0 chain mail
 F - the +1 cloak of Inaobusu (worn) {Rampage +Inv rF+ rN++}
   (You found it on level 8 of the Dungeon)

   rF+:       It protects you from fire.
   rN++:      It greatly protects you from negative energy.
   +Inv:      It lets you turn invisible.
   Rampage:   It bestows one free step when moving towards enemies.
 M - a +0 plate armour (worn)
 Q - +0 steam dragon scales
 V - a +1 kite shield of reflection (worn)
Jewellery
 d - a +5 ring of evasion (right hand)
 t - a ring of flight
 A - the amulet of Poysupn (around neck) {Acrobat rElec Regen+ rCorr}
   (You found it on level 7 of the Dungeon)

   [amulet of the acrobat]

   Acrobat:   It increases your evasion while moving and waiting.
   rElec:     It insulates you from electricity.
   Regen+:    It increases your rate of health regeneration.
   rCorr:     It protects you from acid and corrosion.
 K - a +5 ring of evasion (left hand)
 N - a ring of fire
 S - a ring of resist corrosion
 U - an amulet of magic regeneration
Talismans
 X - a blade talisman
Wands
 s - a wand of flame (2)
 J - a wand of light (14)
Scrolls
 l - 3 scrolls of teleportation
 m - 3 scrolls of vulnerability
 x - a scroll of immolation
 y - 2 scrolls of fear
 E - a scroll of identify
 G - 2 scrolls of poison
Potions
 f - a potion of enlightenment
 g - 2 potions of heal wounds
 h - 4 potions of magic
 k - 3 potions of degeneration
 n - 5 potions of curing
 o - a potion of haste
 p - a potion of attraction
 q - a potion of lignification
 z - 2 potions of might
 C - a potion of invisibility
 D - a potion of berserk rage {unknown}
 P - a potion of ambrosia {unknown}
 R - a potion of brilliance {unknown}
 T - a potion of mutation {unknown}
 W - 2 potions of resistance {unknown}


   Skills:
 + Level 9.5 Fighting
 + Level 14.6 Polearms
 * Level 6.9 Throwing
 + Level 7.9 Armour
 + Level 6.8 Dodging
 + Level 3.6 Stealth
 * Level 6.2 Shields
 + Level 4.4 Invocations
 + Level 4.8 Evocations


You had 8 spell levels left.
You knew the following spells:

 Your Spells              Type           Power      Damage    Failure   Level
a - Summon Small Mammal   Summ           0%         N/A       100%        1
b - Blink                 Tloc           0%         N/A       100%        2

Your spell library contained the following spells:

 Spells                   Type           Power      Damage    Failure   Level
 Lesser Beckoning         Tloc           0%         N/A       100%        2
 Momentum Strike          Conj/Tloc      0%         3d8       100%        2
 Call Canine Familiar     Summ           0%         N/A       100%        3
 Hailstorm                Conj/Ice       0%         3d5       100%        3
 Inner Flame              Hex/Fire       0%         N/A       100%        3
 Ozocubu's Armour         Ice            0%         N/A       100%        3
 Stone Arrow              Conj/Erth      0%         3d7       100%        3
 Summon Ice Beast         Ice/Summ       0%         N/A       100%        3
 Animate Armour           Summ/Erth      0%         N/A       100%        4
 Flame Wave               Conj/Fire      0%         2d4       100%        4
 Passage of Golubria      Tloc           0%         N/A       100%        4
 Sticky Flame             Fire/Alch      0%         2d4       100%        4
 Summon Blazeheart Golem  Fire/Summ      0%         N/A       100%        4
 Metabolic Englaciation   Hex/Ice        0%         N/A       100%        5
 Silence                  Hex/Air        0%         N/A       100%        5
 Sculpt Simulacrum        Ice/Alch       0%         N/A       100%        6
 Ozocubu's Refrigeration  Ice            0%         4d7       100%        7
 Lehudib's Crystal Spear  Conj/Erth      0%         10d2      100%        8
 Polar Vortex             Ice            0%         N/A       100%        9


Dungeon Overview and Level Annotations

Branches:
Dungeon (14/15)            Temple (1/1) D:4            Lair (0/5) D:10
    Orc (0/2) D:10         Vaults (0/5) D:14

Altars:
Ashenzari
Cheibriados
Dithmenos
Elyvilon
Fedhas
Gozag
Hepliaklqana
Kikubaaqudgha
Makhleb
Nemelex Xobeh
Okawaru
Qazlal
Ru
Sif Muna
Trog
Uskayaw
Vehumet
Wu Jian
Xom
Yredelemnul
Zin
The Shining One

Shops:
D:13 [

Annotations:
D:3 2 transporters, FoolsGold's ghost, amateur MfIE
D:5 2 transporters
D:11 3 runed translucent doors, FoolsGold's ghost, journeyman MfIE; knightboat's ghost, journeyman DsMo
D:13 1 runed translucent door, Xyoprad's ghost, journeyman FoFi


Innate Abilities, Weirdness & Mutations

((You are very nimble when in or above water. (Stealth+, EV+, Speed+++)))
Your lower body shifts to a powerful aquatic tail in water.


Message History

You puncture the slime creature!
The slime creature looks as sick as possible!
The slime creature is moderately wounded.
You block the slime creature's attack.
You barely miss the slime creature.
The slime creature is moderately wounded.
Two slime creatures merge to form an enormous slime creature.
You hit the enormous slime creature.
The enormous slime creature is moderately wounded.
You barely miss the enormous slime creature.
The enormous slime creature is moderately wounded.
You puncture the enormous slime creature!
The enormous slime creature is heavily wounded.
The enormous slime creature hits you.
You hit the enormous slime creature.
The enormous slime creature is heavily wounded.
You hit the enormous slime creature.
The enormous slime creature is heavily wounded.
The enormous slime creature closely misses you.
You hit the enormous slime creature.
The enormous slime creature is heavily wounded.
You block the enormous slime creature's attack.
You puncture the enormous slime creature!
The enormous slime creature looks as sick as possible!
The enormous slime creature is heavily wounded.
The deep elf pyromancer misses you.
You hit the enormous slime creature.
The enormous slime creature is heavily wounded.
The enormous slime creature hits you!!!!
Ouch! That really hurt!
* * * LOW HITPOINT WARNING * * *
As you read the scroll of teleportation, it crumbles to dust.
You feel strangely unstable.
The deep elf pyromancer hits you but does no damage.
You block the enormous slime creature's attack.
Unknown command.
You feel much better.
The deep elf pyromancer barely misses you.
The enormous slime creature hits you!!!
You die...

......#####
#######.........##
.................#
.................#
......?<........## .
...............# ...
..............#
##...#####............
......e@J......$......
###########...........
#...........
#...........
#...........
#...........
#...........
#...........
#...(.........


You could see an enormous slime creature (extremely poisoned) and a deep elf
pyromancer.

Vanquished Creatures
  Snorg (D:10)
  A vault guard (D:14)
  A hydra (D:13)
  2 two-headed ogres
  2 tengu warriors (D:14)
  Urug (D:13)
  An arcanist (D:13)
  A glowing orange brain (D:14)
  A deep elf pyromancer (D:13)
  2 ugly things
  3 cyclopes
  A black mamba (shapeshifter) (D:13)
  A gargoyle (D:12)
  2 unseen horrors (D:13)
  2 kobold demonologists (D:13)
  3 trolls
  A hornet (D:10)
  Sigmund (D:2)
  A centaur simulacrum (D:14)
  9 slime creatures
  A vampire (D:13)
  13 yaks
  A jumping spider (shapeshifter) (D:14)
  3 wyverns
  3 wraiths
  A steam dragon (D:10)
  9 vampire mosquitoes
  An acid dragon (D:11)
  A sky beast (D:7)
  3 orc warriors
  A black bear (D:6)
  2 ice beasts
  2 laughing skulls (D:13)
  8 ogres
  A wolf (D:10)
  4 centaurs
  A phantom (D:6)
  3 kobold brigands (D:10)
  3 bullfrogs
  3 gnoll sergeants
  4 scorpions
  7 wights
  5 killer bees (D:9)
  6 howler monkeys
  5 electric eels
  2 bombardier beetles
  13 hounds
  3 orc priests
  A jelly (D:6)
  A sleepcap (D:5)
  A gnoll bouda (D:7)
  2 iguanas
  9 orc wizards
  5 adders
  23 gnolls
  2 white imps
  2 dart slugs
  A ribbon worm (D:5)
  26 orcs
  6 ball pythons
  5 bats
  9 endoplasms
  A giant cockroach (D:3)
  13 goblins
  9 hobgoblins
  4 jackals (D:4)
  2 kobolds (D:2)
  3 quokkas
  2 frilled lizards (D:2)
  8 rats
281 creatures vanquished.

Vanquished Creatures (others)
  A wraith (D:9)
  A howler monkey (D:9)
2 creatures vanquished.

Grand Total: 283 creatures vanquished

Notes
Turn   | Place    | Note
-------+----------+-------------------------------------------
     0 | D:1      | SmokeWeed the Merfolk Gladiator began the quest for the
                  | Orb.
     0 | D:1      | Reached XP level 1. HP: 16/16 MP: 1/1
   101 | D:1      | Reached XP level 2. HP: 23/23 MP: 2/2
   492 | D:1      | Reached XP level 3. HP: 28/28 MP: 3/3
  1009 | D:1      | You fall into a shaft and drop 1 floor!
  1032 | D:2      | Learned a level 1 spell: Summon Small Mammal
  1055 | D:2      | Reached skill level 5 in Polearms
  1150 | D:2      | Noticed a scorpion
  1165 | D:2      | Reached XP level 4. HP: 33/34 MP: 4/4
  1175 | D:2      | Killed a scorpion
  1209 | D:2      | Reached skill level 6 in Polearms
  1209 | D:2      | Reached XP level 5. HP: 39/39 MP: 5/5
  1447 | D:2      | Noticed Sigmund
  1459 | D:2      | Killed Sigmund
  1460 | D:2      | Reached skill level 7 in Polearms
  1460 | D:2      | Reached skill level 1 in Armour
  1460 | D:2      | Reached XP level 6. HP: 40/47 MP: 6/6
  1693 | D:3      | Found a faded altar of an unknown god.
  1756 | D:3      | Noticed FoolsGold's ghost (amateur MfIE)
  1760 | D:3      | Found a transporter.
  1945 | D:3      | Found a transporter.
  2011 | D:3      | Found an ornate altar of the Wu Jian Council.
  2239 | D:4      | Found a shadowy altar of Dithmenos.
  2253 | D:4      | Reached skill level 1 in Stealth
  2591 | D:4      | Reached skill level 5 in Dodging
  2702 | D:4      | Reached XP level 7. HP: 12/52 MP: 7/7
  3120 | D:4      | Reached skill level 8 in Polearms
  3243 | D:4      | Found a staircase to the Ecumenical Temple.
  3265 | Temple   | Entered the Ecumenical Temple
  3290 | Temple   | Became a worshipper of Qazlal Stormbringer
  3560 | D:5      | Entered Level 5 of the Dungeon
  3560 | D:5      | Found a transporter.
  3565 | D:5      | Noticed a shadow
  3567 | D:5      | Found a transporter.
  3567 | D:5      | Found a snail-covered altar of Cheibriados.
  3577 | D:5      | Found a hide-covered altar of Uskayaw.
  3785 | D:5      | Reached skill level 9 in Polearms
  3859 | D:5      | Reached XP level 8. HP: 60/60 MP: 8/8
  4708 | D:6      | Reached skill level 10 in Polearms
  4811 | D:6      | Found a broken altar of Ashenzari.
  5232 | D:6      | Reached skill level 5 in Fighting
  5232 | D:6      | Reached XP level 9. HP: 52/68 MP: 9/9
  5512 | D:7      | Reached * piety under Qazlal
  5520 | D:7      | Reached skill level 11 in Polearms
  5539 | D:7      | Identified the amulet of Poysupn {Acrobat rElec Regen+
                  | rCorr}
  5778 | D:7      | Found a basalt altar of Yredelemnul.
  5778 | D:7      | Found a shimmering altar of Xom.
  5778 | D:7      | Found an ancient bone altar of Kikubaaqudgha.
  5996 | D:8      | Identified the +1 cloak of Inaobusu {Rampage +Inv rF+ rN++}
  6468 | D:8      | Found a radiant altar of Vehumet.
  6777 | D:8      | Found a glowing golden altar of the Shining One.
  6862 | D:8      | Reached skill level 1 in Shields
  7188 | D:9      | Reached skill level 12 in Polearms
  7341 | D:9      | Reached skill level 1 in Evocations
  7341 | D:9      | Reached XP level 10. HP: 73/75 MP: 10/10
  7441 | D:9      | Found a blossoming altar of Fedhas.
  7780 | D:10     | Entered Level 10 of the Dungeon
  7828 | D:9      | Reached skill level 5 in Armour
  7899 | D:10     | Reached ** piety under Qazlal
  7942 | D:10     | Found a staircase to the Lair.
  8028 | D:10     | Reached skill level 13 in Polearms
  8136 | D:10     | Found a hazy altar of Hepliaklqana.
  8168 | D:10     | Reached skill level 1 in Invocations
  8228 | D:10     | Found a staircase to the Orcish Mines.
  8295 | D:10     | Reached XP level 11. HP: 83/84 MP: 12/12
  8470 | D:10     | Reached *** piety under Qazlal
  8886 | D:10     | Learned a level 2 spell: Blink
  8928 | D:11     | Noticed Snorg
  8975 | D:10     | Killed Snorg
  9164 | D:11     | Noticed a cyclops
  9185 | D:11     | Killed a cyclops
  9387 | D:11     | Noticed a two-headed ogre
  9412 | D:11     | Killed a two-headed ogre
  9413 | D:11     | Reached skill level 5 in Throwing
  9487 | D:11     | Found a runed translucent gate.
  9488 | D:11     | Found a runed translucent gate.
  9489 | D:11     | Found a runed translucent gate.
  9495 | D:11     | Noticed FoolsGold's ghost (journeyman MfIE)
  9495 | D:11     | Noticed knightboat's ghost (journeyman DsMo)
 10234 | D:12     | Reached skill level 14 in Polearms
 10280 | D:12     | Noticed a brown ugly thing
 10294 | D:12     | Killed a brown ugly thing
 10600 | D:12     | Noticed a two-headed ogre
 10610 | D:12     | Reached XP level 12. HP: 93/94 MP: 15/15
 10633 | D:12     | Killed a two-headed ogre
 11025 | D:13     | Reached **** piety under Qazlal
 11195 | D:13     | Found Denoj's Armour Boutique.
 11261 | D:13     | Bought a +1 kite shield of reflection for 243 gold pieces
 11510 | D:13     | Noticed Urug
 11531 | D:13     | Killed Urug
 12069 | D:13     | Found a runed translucent door.
 12069 | D:13     | Noticed Xyoprad's ghost (journeyman FoFi)
 12070 | D:13     | Identified the +6 spear of Meaklipn {pain, Str+3 Int+4
                  | Dex+2 Stlth+}
 12279 | D:14     | Noticed a six-headed hydra
 12298 | D:13     | Killed a six-headed hydra
 12299 | D:13     | Reached skill level 5 in Shields
 12395 | D:14     | Noticed a vault guard
 12417 | D:14     | Killed a vault guard
 12422 | D:14     | Noticed a tengu warrior
 12428 | D:14     | Noticed a tengu warrior
 12438 | D:14     | Killed a tengu warrior
 12441 | D:14     | Killed a tengu warrior
 12478 | D:14     | Found a gate to the Vaults.
 12746 | D:14     | Slain by an enormous slime creature

Illustrated notes

Levels and vault maps discovered:
D:1:      minmay_arrival_three_doors, layout_basic, corexii_leaking_fountain
D:2:      layout_loops_ring, uniq_sigmund
D:3:      layout_rooms, nzn_wu_jian_contemplation, gammafunk_ghost_arena,
          basic_ecumenical_altar, minmay_goblin_kobold_house
D:4:      wander_river, layout_loops_ring, nicolae_dithmenos_shadow_blocks,
          minmay_temple_entry_statues_pillars
D:5:      layout_basic, gammafunk_temple_overflow_arena,
          mainiacjoe_overflow_paths, minmay_crystal_water
D:6:      layout_rooms, mainiacjoe_overflow_cross_hatched, serial_bayou_pond_b
D:7:      layout_rooms, gammafunk_temple_overflow_claw
D:8:      layout_gridville, mainiacjoe_overflow_alcove_1,
          mainiacjoe_overflow_24_doors
D:9:      layout_long_grid, mainiacjoe_overflow_tiny_flanked
D:10:     layout_roguey, mainiacjoe_overflow_small_starburst, erik_lair_island,
          kennysheep_orc_monster_closet_entryway
D:11:     layout_loops_ring, gammafunk_ghost_cemetery, uniq_snorg
D:12:     layout_loops_ring, drop_trap
D:13:     layout_basic, serial_shops, shop, ebering_ghost_funeral_grove,
          st_stairs_5, uniq_urug
D:14:     gargoyle_guard, layout_basic, hellmonk_vaults_order_and_chaos,
          serial_aquarium, aquarium_bridge_long_joined
          [aquarium_subvault_bridge, aquarium_subvault_wall,
          aquarium_subvault_wall, aquarium_subvault_wall,
          aquarium_subvault_bridge, aquarium_subvault_balcony],
          aquarium_bridge_straight [aquarium_subvault_bridge,
          aquarium_subvault_window, aquarium_subvault_bridge,
          aquarium_subvault_window], aquarium_window_2, aquarium_window_2,
          aquarium_view_4, aquarium_view_2b, aquarium_pool_corner
Temple:   hellmonk_temple_micro_hex

Skill      XL: |  1  2  3  4  5  6  7  8  9 10 11 12 |
---------------+-------------------------------------+-----
Polearms       | 5 6 7 9 10 12 13 14 | 14.6
Fighting       | 3 4 5 6 7 8 9 |  9.5
Armour         | 1 2 3 4 5 6 7 |  7.9
Stealth        | 1 2 3 |  3.6
Dodging        | 5 6 |  6.8
Throwing       | 3 4 5 6 |  6.9
Shields        | 2 3 4 6 |  6.2
Evocations     | 1 2 4 |  4.8
Invocations    | 1 4 |  4.4

Action                     |  1- 3 |  4- 6 |  7- 9 | 10-12 || total
---------------------------+-------+-------+-------+-------++-------
  Melee: Trident           |    86 |   139 |   510 |   947 ||  1682
         Tailslap          |     1 |       |       |     1 ||     2
         Punch             |       |     1 |     7 |    14 ||    22
  Throw: Dart              |     1 |     4 |    22 |    18 ||    45
         Throwing net      |       |     3 |     7 |     5 ||    15
         Stone             |       |       |    21 |     5 ||    26
         Javelin           |       |       |     1 |     1 ||     2
Ability: Evoke Invisibilit |       |       |     1 |       ||     1
  Evoke: Wand              |       |       |     6 |     7 ||    13
    Use: Scroll            |       |     4 |       |    16 ||    20
         Potion            |       |       |       |     4 ||     4
   Stab: Sleeping          |       |     1 |       |       ||     1
         Held in net/web   |       |       |     5 |     2 ||     7
         Invisible         |       |       |     2 |       ||     2
 Armour: Leather armour    |    10 |       |       |       ||    10
         Ring mail         |    20 |    53 |       |       ||    73
         Chain mail        |       |    17 |   235 |     9 ||   261
         Plate armour      |       |       |       |   377 ||   377
  Dodge: Dodged            |    43 |    65 |   294 |   594 ||   996
         Repelled          |       |       |       |     2 ||     2
  Block: Other             |       |       |    12 |    80 ||    92
         Kite shield       |       |       |       |    96 ||    96
         Reflection        |       |       |       |     2 ||     2
